 Dungeon Crawl Stone Soup version 0.27-a0-78-g75406f0b48 (webtiles) character file.

Game seed: 14576639338759336122

33 Glundar the Vexing (level 3, -2/20 HPs)
             Began as a Kobold Arcane Marksman on Jan 14, 2021.
             Slain by a leopard gecko (4 damage)
             ... on level 1 of the Dungeon.
             The game lasted 00:04:04 (1377 turns).

Glundar the Vexing (Kobold Arcane Marksman)         Turns: 1377, Time: 00:04:04

Health: -2/20      AC:  2    Str:  7    XL:     3   Next: 47%
Magic:  2/4        EV: 15    Int: 14    God:
Gold:   33         SH:  0    Dex: 16    Spells: 1/4 levels left

rFire    . . .     SeeInvis .   b - +0 spear
rCold    . . .     Faith    .   (shield restricted)
rNeg     . . .     Spirit   .   e - +0 robe
rPois    .         Reflect  .   (no helmet)
rElec    .         Harm     .   (no cloak)
rCorr    .         Rampage  .   (no gloves)
Will     .....                  (no boots)
Stlth    ++........             (no amulet)
HPRegen  0.06/turn              (no ring)
MPRegen  0.09/turn              (no ring)

@: no status effects
A: small, nightstalker 3
a: no special abilities


You were on level 1 of the Dungeon.
You visited 1 branch of the dungeon, and saw 1 of its levels.

You collected 33 gold pieces.

Inventory:

Hand Weapons
 a - a +0 hand crossbow
 b - a +0 spear (weapon)
Missiles
 d - 13 bolts
Armour
 e - a +0 robe (worn)
Jewellery
 c - an uncursed ring of flight {unknown}
Scrolls
 f - a scroll of identify {unknown}
 h - a scroll of fear {unknown}
Potions
 g - a potion of flight {unknown}


   Skills:
 + Level 1.2 Fighting
 + Level 0.4 Polearms
 + Level 3.1 Crossbows
 + Level 2.6 Dodging
 + Level 1.3 Spellcasting
 + Level 3.5 Hexes


You had one spell level left.
You knew the following spells:

 Your Spells              Type           Power        Failure   Level
a - Corona                Hex            11%          6%          1
b - Slow                  Hex            10%          9%          2

Your spell library contained the following spells:

 Spells                   Type           Power        Failure   Level
 Inner Flame              Hex/Fire       5%           36%         3
 Portal Projectile        Hex/Tloc       10%          36%         3
 Cause Fear               Hex            5%           52%         4
 Leda's Liquefaction      Hex/Erth       2%           77%         4


Dungeon Overview and Level Annotations

Branches:
Dungeon (1/15)

Altars:


Innate Abilities, Weirdness & Mutations

You are small and have problems with some larger weapons.
You are completely attuned to the shadows.


Message History

The leopard gecko is lightly wounded.
The leopard gecko barely misses you.
You closely miss the leopard gecko.
The leopard gecko is lightly wounded.
The leopard gecko closely misses you.
You miss the leopard gecko.
The leopard gecko is lightly wounded.
The leopard gecko bites you. x2
You closely miss the leopard gecko.
The leopard gecko is lightly wounded.
The leopard gecko bites you.
* * * LOW HITPOINT WARNING * * *
Casting: Corona (safe; 6% risk of failure)
Confirm with . or Enter, or press ? or * to list all spells.
Aiming: Slow (safe; 9% risk of failure)
Press: ? - help, Shift-Dir - straight line, f - leopard gecko
Aim: a leopard gecko (lightly wounded, chance to affect: 63%)
The leopard gecko resists with significant effort.
The leopard gecko bites you.
You die...

#...# #.# #.#..
#######.# #.#..
.....#..# #.#..
###....#..# #.#.. ..
......'..# #.#..
#.###....#..# #.#..
#.#......##.# #.###
#.#l#.#######.# #.# #
#...@.# #.# #.# #
#.....# #.# #.# #
#.....# ####.# #.# #
#.....# .....# #.# #
#######.#####.###.###
#.#............
#...≈≈†≈.......
#..≈≈≈≈≈≈..####
#..†≈≈≈≈≈..#


You could see a leopard gecko.

Vanquished Creatures
  An ooze (D:1)
  A dart slug (D:1)
  A leopard gecko (D:1)
  3 bats (D:1)
  4 goblins (D:1)
  2 hobgoblins (D:1)
  2 kobolds (D:1)
  A ball python (D:1)
  9 frilled lizards (D:1)
  3 rats (D:1)
27 creatures vanquished.

Notes
Turn   | Place    | Note
-------+----------+-------------------------------------------
     0 | D:1      | Glundar the Kobold Arcane Marksman began the quest for the
                  | Orb.
     0 | D:1      | Reached XP level 1. HP: 12/12 MP: 2/2
   111 | D:1      | Reached XP level 2. HP: 16/16 MP: 1/3
   615 | D:1      | Reached XP level 3. HP: 19/20 MP: 4/4
   618 | D:1      | Learned a level 2 spell: Slow
  1377 | D:1      | Slain by a leopard gecko

Illustrated notes

Levels and vault maps discovered:
D:1:      dpeg_arrival_concentric_ovals, layout_basic, kennysheep_minor_cross,
          minmay_lizard_pond

Skill      XL: |  1  2  3 |
---------------+----------+-----
Crossbows      | 3 |  3.1
Fighting       | |  1.2
Polearms       | |  0.4
Dodging        | |  2.6
Spellcasting   | |  1.3
Hexes          | |  3.5

Action                   || total
-------------------------++-------
Melee: Spear             ||    40
 Fire: Hand crossbow     ||    35
 Cast: Corona            ||     3
       Slow              ||     1
Armor: Robe              ||     9
Dodge: Dodged            ||    36

Table legend: (Time is in decaauts)
 A = Elapsed time spent in this place.
 B = Non-inter-level travel time spent in this place.
 C = Inter-level travel time spent in this place.
 D = Time resting spent in this place.
 E = Time spent auto-exploring this place.
 F = Levels seen in this place.
 G = Mean time per level.
                   A        B        C        D        E       F      G
               +--------+--------+--------+--------+--------+-----+--------+
         Total |   1392 |   1392 |      0 |    100 |   1085 |   1 | 1392.0 |
       Dungeon |   1392 |   1392 |      0 |    100 |   1085 |   1 | 1392.0 |
               +--------+--------+--------+--------+--------+-----+--------+

Top non-repeatable levels by time:
     D:1: 1392 daAuts
